 Dungeon Crawl Stone Soup version 0.17-a0-1481-gfdcec5c (webtiles) character file.

55 urechis the Chiller (level 3, 0/24 HPs)
             Began as a Merfolk Ice Elementalist on July 4, 2015.
             Slain by a gnoll
             ... wielding a +0 spear
              (7 damage)
             ... on level 2 of the Dungeon.
             The game lasted 00:03:56 (1234 turns).

urechis the Chiller (Merfolk Ice Elementalist)      Turns: 1234, Time: 00:03:57

Health: 0/24       AC:  3    Str:  9    XL:     3   Next: 93%
Magic:  3/6        EV: 13    Int: 14    God:
Gold:   65         SH:  0    Dex: 14    Spells: 3 memorised, 1 level left

rFire  . . .     SeeInvis .     a - +0 spear
rCold  . . .     Clarity  .     q - +0 robe
rNeg   . . .     SustAt   .     (no shield)
rPois  .         Gourm    .     (no helmet)
rElec  .         Spirit   .     (no cloak)
rCorr  .         Warding  .     (no gloves)
rMut   .         Stasis   .     d - +0 pair of boots
MR     .....                    (no amulet)
Stlth  ++........               (no ring)
                                (no ring)

@: not resistant to hostile enchantments, unstealthy
A: change form in water, swift swim
a: no special abilities


You were on level 2 of the Dungeon.
You were not hungry.

You visited 1 branch of the dungeon, and saw 2 of its levels.

You collected 65 gold pieces.

Inventory:

Hand weapons
 a - a +0 spear (weapon)
 b - a +0 dagger
Missiles
 n - 7 curare-tipped needles
Armour
 d - a +0 pair of boots (worn)
 q - a +0 robe (worn)
Scrolls
 e - a scroll of remove curse {unknown}
 h - a scroll of amnesia {unknown}
 j - a scroll of enchant weapon {unknown}
 k - a scroll of immolation {unknown}
 m - a scroll of recharging {unknown}
Potions
 i - a potion of lignification {unknown}
 l - a potion of curing {unknown}
 o - a potion of might {unknown}
Books
 g - a book of Dreams

   Spells                             Type                      Level
   a - Ensorcelled Hibernation        Hexes/Ice                    2
   b - Phase Shift                    Translocation                5
   c - Shadow Creatures               Summoning                    5
   d - Silence                        Hexes/Air                    5
   e - Mass Confusion                 Hexes                        6
   f - Darkness                       Hexes                        7
 p - a book of Frost

   Spells                             Type                      Level
   a - Freeze                         Ice                          1
   b - Throw Frost                    Conjuration/Ice              2
   c - Ozocubu's Armour               Charms/Ice                   3
   d - Throw Icicle                   Conjuration/Ice              4
   e - Summon Ice Beast               Ice/Summoning                4
   f - Condensation Shield            Ice                          4
Comestibles
 c - a bread ration
 f - 2 meat rations


   Skills:
 - Level 2.6 Dodging
 - Level 2.1 Stealth
 - Level 2.0 Spellcasting
 - Level 0.7 Conjurations
 + Level 5.2 Ice Magic


You had one spell level left.
You knew the following spells:

 Your Spells              Type           Power        Failure   Level  Hunger
a - Freeze                Ice            ###.         2%          1    ##.....
b - Ensorcelled Hibernat  Hex/Ice        #.....       14%         2    ###....
c - Throw Frost           Conj/Ice       #.....       14%         2    ###....


Dungeon Overview and Level Annotations

Branches:
Dungeon (2/15)

Altars:
Qazlal
The Shining One


Message History

The gnoll is heavily wounded.
The gnoll hits you with a spear.
Casting: Freeze
Confirm with . or Enter, or press ? or * to list all spells.
Aiming: Freeze
Press: ? - help, Shift-Dir - straight line, f/p - gnoll
Aim: a gnoll, wielding a spear (heavily wounded)
You freeze the gnoll.
The gnoll is heavily wounded.
The gnoll hits you with a spear.
* * * LOW HITPOINT WARNING * * *
Casting: Freeze
Confirm with . or Enter, or press ? or * to list all spells.
Aiming: Freeze
Press: ? - help, Shift-Dir - straight line, f/p - gnoll
Aim: a gnoll, wielding a spear (heavily wounded)
You freeze the gnoll.
The gnoll is severely wounded.
The gnoll hits you with a spear!
You die...

.######.#.#.#....##.#
..........# '....'.
######.#####...(####.
......................
...............g......
#######.####.####.#.##
..# #.# ..# #g# #.#
#@# # #.# #.# #.# .#
#.# #.# #.# .
##.#####.####.#
..........##.#
#####.#####.#.##.###
..†...##....#.#....#
..(.........#.#....#
###....)....#......#


You could see a gnoll.

Vanquished Creatures
  4 adders (D:2)
  A giant gecko (D:2)
  A bat (D:2)
  2 giant cockroaches (D:2)
  A goblin (D:1)
  3 hobgoblins (D:2)
  3 kobolds
  2 giant newts (D:2)
  3 rats
20 creatures vanquished.

Notes
Turn   | Place    | Note
--------------------------------------------------------------
     0 | D:1      | urechis the Merfolk Ice Elementalist began the quest for the Orb.
     0 | D:1      | Reached XP level 1. HP: 13/13 MP: 3/3
   503 | D:2      | Found a glowing golden altar of the Shining One.
   548 | D:2      | Reached skill level 4 in Ice Magic
   548 | D:2      | Reached XP level 2. HP: 16/19 MP: 0/5
   605 | D:2      | Found a stormy altar of Qazlal.
   625 | D:2      | Reached XP level 3. HP: 24/24 MP: 1/6
   793 | D:2      | Reached skill level 5 in Ice Magic
  1130 | D:2      | Learned a level 2 spell: Ensorcelled Hibernation
  1133 | D:2      | Learned a level 2 spell: Throw Frost
  1234 | D:2      | Slain by a gnoll

Vault maps used:
D:1:      scummos_arrival_hexagon
D:2:      nicolae_tso_carved_into_rock, nicolae_qazlal_general_emergency

Action                   || total
-------------------------++-------
Melee: Dagger            ||    44
       Hand axe          ||     5
       Spear             ||    11
 Cast: Freeze            ||    18
 Stab: Sleeping          ||     2
  Eat: Chunk             ||     1
